| TOP OF THE 1ST |
|
Columbia Fireflies batting - Pitching for Mobile BayBears : RHP John Capparelli
|
|
Pitching: RHP John Capparelli
|
|
|
Batting: RHB Omar Novoa
|
0-0: Ground out 4-3 (Groundball, 4, EV 85.6 MPH)
|
|
Batting: SHB Masatoshi Akahoshi
|
0-0: Called Strike 0-1: Called Strike 0-2: Strikes out swinging
|
|
Batting: SHB Justin Wallace
|
0-0: Fly out, F7 (Flyball, 7, EV 89.4 MPH)
|
| Top of the 1st over - 0 runs, 0 hits, 0 errors, 0 left on base; Columbia 0 - Mobile 0 |
| BOTTOM OF THE 1ST |
|
Mobile BayBears batting - Pitching for Columbia Fireflies : RHP Andy Carrell
|
|
Pitching: RHP Andy Carrell
|
|
|
Batting: RHB Carlos Ballesteros
|
0-0: Foul Ball, location: 2F 0-1: Called Strike 0-2: Foul Ball, location: 2F 0-2: Ball 1-2: Ball 2-2: Ball 3-2: Reached on error, E6 (Groundball, 56, EV 105.6 MPH)
|
|
Batting: LHB Koson Hirai
|
0-0: Called Strike 0-1: Ball 1-1: Ball 2-1: Swinging Strike 2-2: Strikes out swinging
|
|
Batting: RHB Josh Burrows
|
0-0: Ball 1-0: Swinging Strike 1-1: Ball 2-1: Foul Ball, location: 2F 2-2: Fly out, F8 (Line Drive, 8LD, EV 91.2 MPH)
|
|
Batting: RHB Blake Beale
|
0-0: TRIPLE (Line Drive, 78XD, EV 102.5 MPH) Carlos Ballesteros scores
|
|
Batting: LHB T.J. Duvall
|
0-0: Ball 1-0: Fly out, F8 (Line Drive, 8LM, EV 110.0 MPH)
|
| Bottom of the 1st over - 1 run, 1 hit, 1 error, 1 left on base; Columbia 0 - Mobile 1 |
| TOP OF THE 2ND |
|
Columbia Fireflies batting - Pitching for Mobile BayBears : RHP John Capparelli
|
|
Batting: LHB Tony Leyba
|
0-0: Ground out 4-3 (Groundball, 4, EV 100.6 MPH)
|
|
Batting: RHB Larry Shoop
|
0-0: Ball 1-0: Ground out 1-3 (Groundball, 13S, EV 63.1 MPH)
|
|
Batting: LHB Preston Knaak
|
0-0: SOLO HOME RUN (Flyball, 9D, EV 100.0 MPH), Distance : 373 ft
|
|
Batting: RHB Dan Muse
|
0-0: Called Strike 0-1: Ball 1-1: Ball 2-1: Swinging Strike 2-2: SINGLE (Flyball, 89S, EV 89.4 MPH)
|
|
Batting: RHB Andy Carrell
|
0-0: Ball Dan Muse is caught stealing 2nd base 2-4
|
| Top of the 2nd over - 1 run, 2 hits, 0 errors, 0 left on base; Columbia 1 - Mobile 1 |
| BOTTOM OF THE 2ND |
|
Mobile BayBears batting - Pitching for Columbia Fireflies : RHP Andy Carrell
|
|
Batting: RHB Franklin Villanueva
|
0-0: Foul Ball, location: 2F 0-1: Swinging Strike 0-2: Foul Ball, location: 2F 0-2: Strikes out swinging
|
|
Batting: RHB Jeremy Adams
|
0-0: Ball 1-0: Reached on error, E5 (Groundball, 5L, EV 91.2 MPH)
|
|
Batting: SHB Ed Vargas
|
0-0: Fielders Choice at 2nd, 1-6 (Groundball, 13S, EV 68.1 MPH)
|
|
Batting: RHB Curt Barrett
|
0-0: Called Strike 0-1: Called Strike 0-2: Strikes out swinging
|
| Bottom of the 2nd over - 0 runs, 0 hits, 1 error, 1 left on base; Columbia 1 - Mobile 1 |
| TOP OF THE 3RD |
|
Columbia Fireflies batting - Pitching for Mobile BayBears : RHP John Capparelli
|
|
Batting: RHB Andy Carrell
|
0-0: Ball 1-0: Ball 2-0: SINGLE (Groundball, 25, EV 64.4 MPH) (infield hit)
|
|
Batting: RHB Fathi Addae
|
0-0: Swinging Strike 0-1: Ball 1-1: Fly out, F7 (Flyball, 7S, EV 86.2 MPH)
|
|
Batting: RHB Omar Novoa
|
0-0: Ball 1-0: Grounds into double play, 6-4-3 (Groundball, 6, EV 90.6 MPH)
|
| Top of the 3rd over - 0 runs, 1 hit, 0 errors, 0 left on base; Columbia 1 - Mobile 1 |
| BOTTOM OF THE 3RD |
|
Mobile BayBears batting - Pitching for Columbia Fireflies : RHP Andy Carrell
|
|
Batting: RHB Carlos Ballesteros
|
0-0: Called Strike 0-1: Called Strike 0-2: Ground out 6-3 (Groundball, 6, EV 83.8 MPH)
|
|
Batting: LHB Koson Hirai
|
0-0: DOUBLE (Line Drive, 89XD, EV 111.9 MPH)
|
|
Batting: RHB Josh Burrows
|
0-0: Called Strike 0-1: Ball 1-1: Ground out 6-3 (Groundball, 6, EV 75.6 MPH) Koson Hirai to third
|
|
Batting: RHB Blake Beale
|
0-0: Called Strike 0-1: Ground out 6-3 (Groundball, 6M, EV 78.1 MPH)
|
| Bottom of the 3rd over - 0 runs, 1 hit, 0 errors, 1 left on base; Columbia 1 - Mobile 1 |
| TOP OF THE 4TH |
|
Columbia Fireflies batting - Pitching for Mobile BayBears : RHP John Capparelli
|
|
Batting: SHB Masatoshi Akahoshi
|
0-0: Called Strike 0-1: Ball 1-1: Swinging Strike 1-2: Ball 2-2: Strikes out swinging
|
|
Batting: SHB Justin Wallace
|
0-0: Swinging Strike 0-1: Foul Ball, location: 2F 0-2: Ball 1-2: Ball 2-2: Ball 3-2: Strikes out swinging
|
|
Batting: LHB Tony Leyba
|
0-0: Called Strike 0-1: Foul Ball, location: 2F 0-2: Ball 1-2: Ball 2-2: Ground out 4-3 (Groundball, 4S, EV 89.4 MPH)
|
| Top of the 4th over - 0 runs, 0 hits, 0 errors, 0 left on base; Columbia 1 - Mobile 1 |
| BOTTOM OF THE 4TH |
|
Mobile BayBears batting - Pitching for Columbia Fireflies : RHP Andy Carrell
|
|
Batting: LHB T.J. Duvall
|
0-0: Swinging Strike 0-1: SINGLE (Groundball, 6D, EV 103.1 MPH)
|
|
Batting: RHB Franklin Villanueva
|
0-0: Ball 1-0: Ball T.J. Duvall is caught stealing 2nd base 2-4 2-0: Foul Ball, location: 2F 2-1: Ball 3-1: Foul Ball, location: 2F 3-2: TRIPLE (Flyball, 89XD, EV 105.6 MPH)
|
|
Batting: RHB Jeremy Adams
|
0-0: Fly out, F8 (Flyball, 8LM, EV 90.0 MPH) Runner from 3rd tags up, SCORES, no throw by CF
|
|
Batting: SHB Ed Vargas
|
0-0: Ball 1-0: Called Strike 1-1: Called Strike 1-2: Strikes out looking
|
| Bottom of the 4th over - 1 run, 2 hits, 0 errors, 0 left on base; Columbia 1 - Mobile 2 |
| TOP OF THE 5TH |
|
Columbia Fireflies batting - Pitching for Mobile BayBears : RHP John Capparelli
|
|
Batting: RHB Larry Shoop
|
0-0: Called Strike 0-1: Foul Ball, location: 2F 0-2: Ball 1-2: Foul Ball, location: 2F 1-2: Strikes out swinging
|
|
Batting: LHB Preston Knaak
|
0-0: Fly out, F9 (Flyball, 9LM, EV 97.5 MPH)
|
|
Batting: RHB Dan Muse
|
0-0: Ball 1-0: Fly out, F4 (Popup, 34S, EV 78.8 MPH)
|
| Top of the 5th over - 0 runs, 0 hits, 0 errors, 0 left on base; Columbia 1 - Mobile 2 |
| BOTTOM OF THE 5TH |
|
Mobile BayBears batting - Pitching for Columbia Fireflies : RHP Andy Carrell
|
|
Batting: RHB Curt Barrett
|
0-0: Ball 1-0: Ball 2-0: Ball 3-0: Fly out, F8 (Flyball, 8RD, EV 100.6 MPH)
|
|
Batting: RHB Carlos Ballesteros
|
0-0: Called Strike 0-1: Ball 1-1: Ball 2-1: Swinging Strike 2-2: Ground out 5-3 (Groundball, 56S, EV 68.8 MPH)
|
|
Batting: LHB Koson Hirai
|
0-0: Called Strike 0-1: Called Strike 0-2: Ball 1-2: Foul Ball, location: 2F 1-2: Foul Ball, location: 2F 1-2: Fly out, F7 (Flyball, 78M, EV 86.9 MPH)
|
| Bottom of the 5th over - 0 runs, 0 hits, 0 errors, 0 left on base; Columbia 1 - Mobile 2 |
| TOP OF THE 6TH |
|
Columbia Fireflies batting - Pitching for Mobile BayBears : RHP John Capparelli
|
|
Batting: RHB Andy Carrell
|
0-0: SINGLE (Line Drive, 4MD, EV 106.9 MPH)
|
|
Batting: RHB Fathi Addae
|
0-0: Ball 1-0: Ball 2-0: Ball 3-0: Base on Balls Andy Carrell to second
|
|
Batting: RHB Omar Novoa
|
0-0: Called Strike 0-1: Ball 1-1: Ball 2-1: Ball 3-1: Grounds into double play, 4-6-3 (Groundball, 4, EV 79.4 MPH) Andy Carrell to third
|
|
Batting: SHB Masatoshi Akahoshi
|
0-0: Foul Ball, location: 2F 0-1: Ball 1-1: Ground out 6-3 (Groundball, 56, EV 106.9 MPH)
|
| Top of the 6th over - 0 runs, 1 hit, 0 errors, 1 left on base; Columbia 1 - Mobile 2 |
| BOTTOM OF THE 6TH |
|
Mobile BayBears batting - Pitching for Columbia Fireflies : RHP Andy Carrell
|
|
Batting: RHB Josh Burrows
|
0-0: Called Strike 0-1: Ball 1-1: Ball 2-1: SINGLE (Line Drive, 6MD, EV 94.4 MPH)
|
|
Batting: RHB Blake Beale
|
0-0: Ball 1-0: Foul Ball, location: 2F 1-1: Called Strike 1-2: Strikes out looking
|
|
Batting: LHB T.J. Duvall
|
0-0: Swinging Strike 0-1: Called Strike 0-2: Ball 1-2: Foul Ball, location: 2F 1-2: SINGLE (Flyball, 8RS, EV 90.0 MPH) Josh Burrows to second
|
|
Pitching: LHP Keith Noftall
|
|
|
Batting: RHB Franklin Villanueva
|
0-0: Ball 1-0: SINGLE (Groundball, 56S, EV 65.6 MPH) (infield hit) Josh Burrows to third T.J. Duvall to second
|
|
Batting: RHB Jeremy Adams
|
0-0: Ball 1-0: Fly out, F9 (Flyball, 9D, EV 89.4 MPH) Runner from 3rd tags up, SCORES, no throw by RF
|
|
Batting: SHB Ed Vargas
|
0-0: Ball 1-0: Called Strike 1-1: Ball 2-1: Foul Ball, location: 2F 2-2: Foul Ball, location: 2F 2-2: Foul Ball, location: 2F 2-2: Strikes out looking
|
| Bottom of the 6th over - 1 run, 3 hits, 0 errors, 2 left on base; Columbia 1 - Mobile 3 |
| TOP OF THE 7TH |
|
Columbia Fireflies batting - Pitching for Mobile BayBears : RHP John Capparelli
|
|
Batting: SHB Justin Wallace
|
0-0: Called Strike 0-1: Swinging Strike 0-2: Strikes out swinging
|
|
Batting: LHB Tony Leyba
|
0-0: Ball 1-0: Called Strike 1-1: Swinging Strike 1-2: Ball 2-2: Ground out 4-3 (Groundball, 4, EV 86.2 MPH)
|
|
Batting: RHB Larry Shoop
|
0-0: Fly out, F8 (Flyball, 89S, EV 91.9 MPH)
|
| Top of the 7th over - 0 runs, 0 hits, 0 errors, 0 left on base; Columbia 1 - Mobile 3 |
| BOTTOM OF THE 7TH |
|
Mobile BayBears batting - Pitching for Columbia Fireflies : LHP Keith Noftall
|
|
Batting: RHB Curt Barrett
|
0-0: Called Strike 0-1: Foul Ball, location: 2F 0-2: Foul Ball, location: 2F 0-2: Ground out 6-3 (Groundball, 6, EV 95.0 MPH)
|
|
Batting: RHB Carlos Ballesteros
|
0-0: Ground out 6-3 (Groundball, 6, EV 95.0 MPH)
|
|
Batting: LHB Koson Hirai
|
0-0: Called Strike 0-1: Ball 1-1: SINGLE (Groundball, 4D, EV 103.1 MPH)
|
|
Batting: RHB Josh Burrows
|
0-0: Called Strike 0-1: Fielders Choice at 2nd, 6-4 (Groundball, 6, EV 81.9 MPH)
|
| Bottom of the 7th over - 0 runs, 1 hit, 0 errors, 1 left on base; Columbia 1 - Mobile 3 |
| TOP OF THE 8TH |
|
Columbia Fireflies batting - Pitching for Mobile BayBears : RHP John Capparelli
|
|
Batting: LHB Preston Knaak
|
0-0: Called Strike 0-1: Swinging Strike 0-2: Foul Ball, location: 2F 0-2: Ball 1-2: Ball 2-2: Strikes out swinging
|
|
Batting: RHB Dan Muse
|
0-0: Called Strike 0-1: Swinging Strike 0-2: Ball 1-2: Ground out U3 (Groundball, 34, EV 86.9 MPH)
|
|
Batting: RHB Andy Carrell
|
0-0: Ball 1-0: Ground out 5-3 (Groundball, 56, EV 76.2 MPH)
|
| Top of the 8th over - 0 runs, 0 hits, 0 errors, 0 left on base; Columbia 1 - Mobile 3 |
| BOTTOM OF THE 8TH |
|
Mobile BayBears batting - Pitching for Columbia Fireflies : LHP Keith Noftall
|
|
Batting: RHB Blake Beale
|
0-0: Ball 1-0: Ball 2-0: Ball 3-0: Called Strike 3-1: Foul Ball, location: 2F 3-2: Base on Balls
|
|
Batting: LHB T.J. Duvall
|
0-0: Called Strike 0-1: Ball 1-1: Swinging Strike 1-2: Fielders Choice at 2nd, 3-6 (Groundball, 3, EV 88.1 MPH)
|
|
Batting: RHB Franklin Villanueva
|
0-0: Called Strike 0-1: Foul Ball, location: 2F 0-2: Ball 1-2: Grounds into double play, 6-4-3 (Groundball, 6, EV 108.1 MPH)
|
| Bottom of the 8th over - 0 runs, 0 hits, 0 errors, 0 left on base; Columbia 1 - Mobile 3 |
| TOP OF THE 9TH |
|
Columbia Fireflies batting - Pitching for Mobile BayBears : RHP John Capparelli
|
|
Pitching: RHP Rick Foster
|
|
|
Now in RF: Paul Schreiber
|
|
|
Batting: RHB Fathi Addae
|
0-0: Called Strike 0-1: Ball 1-1: Ball 2-1: Foul Ball, location: 2F 2-2: Strikes out swinging
|
|
Batting: RHB Omar Novoa
|
0-0: Ball 1-0: Foul Ball, location: 2F 1-1: DOUBLE (Line Drive, 89D, EV 102.5 MPH)
|
|
Batting: SHB Masatoshi Akahoshi
|
0-0: Ball 1-0: Called Strike 1-1: Called Strike 1-2: Ground out 6-3 (Groundball, 6, EV 79.4 MPH) Omar Novoa to third
|
|
Batting: SHB Justin Wallace
|
0-0: Foul Ball, location: 2F 0-1: Called Strike 0-2: DOUBLE (Line Drive, 3D, EV 99.4 MPH) Omar Novoa scores
|
|
Batting: LHB Tony Leyba
|
0-0: Swinging Strike 0-1: SINGLE (Line Drive, 6D, EV 97.5 MPH) Justin Wallace to third Runner from 3rd tries for Home, throw by CF and OUT! 8-2
|
| Top of the 9th over - 1 run, 3 hits, 0 errors, 1 left on base; Columbia 2 - Mobile 3 |
|